 Dungeon Crawl Stone Soup version 0.27.1 (webtiles) character file.

Game seed: 14160537164251700651

5434 MacCMillion the Grappler (level 10, -16/96 HPs)
             Began as a Troll Monk on Aug 23, 2021.
             Was an Elder of Makhleb.
             Demolished by a manticore (22 damage)
             ... on level 8 of the Dungeon on Aug 25, 2021.
             The game lasted 00:26:44 (7280 turns).

MacCMillion the Grappler (Troll Monk)               Turns: 7280, Time: 00:26:44

Health: -16/96     AC:  8    Str: 29    XL:     10   Next: 41%
Magic:  12/12      EV: 12    Int:  7    God:    Makhleb [****..]
Gold:   316        SH:  0    Dex: 12    Spells: 9/9 levels left

rFire    . . .     SeeInvis .     - Unarmed
rCold    . . .     Faith    .   (no shield)
rNeg     . . .     Spirit   .   G - +2 robe {Will+}
rPois    .         Reflect  .   (helmet restricted)
rElec    .         Harm     .   b - +1 cloak
rCorr    .         Rampage  .   (gloves unavailable)
Will     +....                  (boots unavailable)
Stlth    ++........             (no amulet)
HPRegen  1.26/turn              u - +6 ring of strength
MPRegen  0.13/turn              (no ring)

@: lethally poisoned (-16 -> -17), spiked
A: large, unfitting armour, claws 3, regeneration 1, shaggy fur 1, tough skin 1
a: Renounce Religion, Minor Destruction, Lesser Servant of Makhleb, Major
Destruction


You were on level 8 of the Dungeon.
You worshipped Makhleb.
Makhleb was greatly pleased with you.
You visited 2 branches of the dungeon, and saw 9 of its levels.

You collected 316 gold pieces.

Inventory:

Hand Weapons
 r - a +2 dire flail of protection
Missiles
 l - a throwing net (quivered)
Armour
 b - a +1 cloak (worn)
 G - a +2 robe of willpower (worn)
Jewellery
 j - a ring of wizardry
 u - a +6 ring of strength (left claw)
 A - an amulet of faith
Wands
 a - a wand of flame (11)
 w - a wand of polymorph (17)
 z - a wand of iceblast (11)
 F - a wand of paralysis (4)
Scrolls
 c - 2 scrolls of enchant armour
 d - 2 scrolls of teleportation {unknown}
 e - 9 scrolls of identify
 f - 4 scrolls of magic mapping {unknown}
 g - a scroll of enchant weapon {unknown}
 i - a scroll of amnesia {unknown}
 k - 2 scrolls of fog {unknown}
 n - 2 scrolls of fear {unknown}
 o - 3 scrolls of holy word {unknown}
 x - a scroll of immolation {unknown}
 y - a scroll of noise {unknown}
Potions
 h - a potion of degeneration
 m - a potion of berserk rage {unknown}
 p - a potion of heal wounds
 q - 2 potions of brilliance {unknown}
 s - a potion of curing {unknown}
 t - a potion of cancellation {unknown}
 v - 2 potions of might {unknown}
 B - a potion of ambrosia {unknown}
 C - a potion of flight {unknown}
 D - a potion of attraction {unknown}
 E - 2 potions of haste {unknown}


   Skills:
 + Level 5.0 Fighting
 + Level 6.4 Dodging
 - Level 1.0 Stealth
 + Level 11.7 Unarmed Combat
 - Level 5.0 Invocations


You had 9 spell levels left.
You didn't know any spells.
Your spell library contained the following spells:

 Spells                   Type           Power      Damage    Failure   Level
 Beastly Appendage        Tmut           0%         N/A       43%         1
 Sandblast                Erth           0%         2d4       43%         1
 Summon Small Mammal      Summ           0%         N/A       43%         1
 Ensorcelled Hibernation  Hex/Ice        0%         N/A       56%         2
 Passwall                 Tmut/Erth      0%         N/A       56%         2
 Static Discharge         Conj/Air       0%         N/A       56%         2
 Wereblood                Tmut           0%         N/A       56%         2
 Call Canine Familiar     Summ           0%         N/A       80%         3
 Portal Projectile        Hex/Tloc       0%         N/A       80%         3
 Spider Form              Tmut/Pois      0%         N/A       80%         3
 Summon Guardian Golem    Hex/Summ       0%         N/A       80%         3
 Animate Armour           Summ/Erth      0%         N/A       99%         4
 Dispel Undead            Necr           0%         3d6       99%         4
 Sticky Flame             Conj/Fire      0%         2d3       99%         4
 Blade Hands              Tmut           0%         N/A       100%        5
 Lee's Rapid Deconstruct  Erth           0%         3d5*      100%        5
 Silence                  Hex/Air        0%         N/A       100%        5
 Iron Shot                Conj/Erth      0%         9d1       100%        6
 Shadow Creatures         Summ           N/A        N/A       100%        6


Dungeon Overview and Level Annotations

Branches:
Dungeon (8/15)             Temple (1/1) D:4            Lair (0/6) D:8

Altars:
Ashenzari
Dithmenos
Elyvilon
Fedhas
Hepliaklqana
Kikubaaqudgha
Makhleb
Nemelex Xobeh
Okawaru
Qazlal
Ru
Sif Muna
Trog
Uskayaw
Vehumet
Wu Jian
Xom
Yredelemnul
Zin
The Shining One

Shops:
D:1 *   D:5 (


Innate Abilities, Weirdness & Mutations

You are too large for most types of armour.
You have claws for hands.
Your natural rate of healing is unusually fast.
You are covered in fur. (AC +1)
You have tough skin. (AC +1)


Message History

Okay, then.
You mangle the kobold!!
You kill the kobold!
Makhleb accepts your kill.
You feel sick. The kobold hits you but does no damage.
You claw the manticore!
You claw the manticore, but do no damage.
The manticore is moderately wounded.
You feel sick. The kobold hits you but does no damage.
The manticore barely misses you.
The manticore claws you but does no damage.
The manticore claws you!
* * * LOW HITPOINT WARNING * * *
It was a potion of heal wounds.
You feel much better.
You feel sick. The kobold closely misses you. The manticore barely misses you.
The manticore claws you!
* * * LOW HITPOINT WARNING * * *
The manticore claws you.
* * * LOW HITPOINT WARNING * * *
You barely miss the manticore. You claw the manticore.
The manticore is heavily wounded.
You feel sick. The kobold hits you but does no damage.
You barely miss the manticore.
The manticore is heavily wounded.
You feel sick. The manticore barely misses you. The manticore claws you!
* * * LOW HITPOINT WARNING * * *
The manticore claws you.
* * * LOW HITPOINT WARNING * * *
The kobold closely misses you.
You scratch the manticore. Your claw misses the manticore.
The manticore is heavily wounded.
The manticore bites you but does no damage.
The manticore claws you!
* * * LOW HITPOINT WARNING * * *
The manticore completely misses you.
You completely miss the manticore.
The manticore is heavily wounded.
You feel sick. The kobold hits you but does no damage.
The manticore bites you!!
You die...

.PP.P....#####).......
.PPP.................. ..#
PPP....##.######...... ..#
....P####......>.........##
.P...# ##############..<..
.P..## ########...... P...#
#......#...... ....#
#...K..)...... ...##
#..@H.........
.#############...).........
................)...#...)..
##############......#......
#......# ..... #......#
..... ######## ####


You could see a manticore and a kobold.

Vanquished Creatures
  A two-headed ogre (D:7)
  Pikel (D:7)
  Maggie (D:8)
  A hornet (D:8)
  2 yaks (D:8)
  A steam dragon (D:7)
  2 water moccasins (D:7)
  4 black bears
  An ice beast (D:5)
  2 orc warriors
  3 necrophages
  2 sky beasts (D:7)
  2 ogres
  A centaur (D:7)
  A phantom (D:5)
  3 kobold brigands
  5 bullfrogs
  A water moccasin zombie (D:5)
  2 scorpions
  2 water moccasin skeletons
  5 wights
  3 howler monkeys
  A bullfrog zombie (D:5)
  An orc priest (D:3)
  2 gnoll shamans
  A hound (D:5)
  A jelly (D:4)
  An iguana (D:6)
  3 orc wizards
  3 killer bee zombies
  A hound skeleton (D:4)
  A howler monkey zombie (D:8)
  16 gnolls
  7 adders
  A howler monkey skeleton (D:7)
  2 white imps
  An adder skeleton (D:4)
  2 worms
  3 dart slugs
  23 orcs
  8 endoplasms
  8 goblins
  12 hobgoblins
  4 jackals (D:1)
  21 kobolds
  4 quokkas
  5 ball pythons
  5 bats
  5 frilled lizards
  4 rats
192 creatures vanquished.

Vanquished Creatures (others)
  A kobold (D:8)
  11 fungi (D:8)
  22 plants (D:8)
34 creatures vanquished.

Grand Total: 226 creatures vanquished

Notes
Turn   | Place    | Note
-------+----------+-------------------------------------------
     0 | D:1      | MacCMillion the Troll Monk began the quest for the Orb.
     0 | D:1      | Reached XP level 1. HP: 22/22 MP: 0/0
    42 | D:1      | Found Ubeo's General Store.
   103 | D:1      | Reached XP level 2. HP: 29/29 MP: 1/1
   657 | D:1      | Reached XP level 3. HP: 35/36 MP: 2/2
  1080 | D:3      | Reached skill level 4 in Unarmed Combat
  1080 | D:3      | Reached XP level 4. HP: 8/44 MP: 3/3
  1207 | D:2      | Reached XP level 5. HP: 53/53 MP: 4/4
  1735 | D:3      | Reached skill level 5 in Unarmed Combat
  2301 | D:4      | Found a white marble altar of Elyvilon.
  2351 | D:4      | Reached XP level 6. HP: 58/61 MP: 5/5
  2567 | D:4      | Reached skill level 6 in Unarmed Combat
  2804 | D:4      | Reached XP level 7. HP: 65/67 MP: 6/6
  3234 | D:4      | Found a staircase to the Ecumenical Temple.
  3331 | Temple   | Entered the Ecumenical Temple
  3361 | Temple   | Became a worshipper of Makhleb the Destroyer
  3361 | Temple   | Reached * piety under Makhleb
  3361 | Temple   | Reached ** piety under Makhleb
  3442 | D:5      | Entered Level 5 of the Dungeon
  3756 | D:5      | Reached skill level 7 in Unarmed Combat
  3828 | D:4      | Reached skill level 1 in Invocations
  4294 | D:5      | Reached XP level 8. HP: 78/78 MP: 8/8
  4346 | D:5      | Reached skill level 8 in Unarmed Combat
  4547 | D:5      | Found Aplus's Weapon Shoppe.
  5268 | D:6      | Reached skill level 9 in Unarmed Combat
  5423 | D:7      | Reached *** piety under Makhleb
  5623 | D:7      | Reached XP level 9. HP: 84/84 MP: 10/10
  5707 | D:7      | Identified the +4 flail of Contradiction {vorpal, Fragile
                  | Fly rPois Dex+4}
  5810 | D:7      | Reached skill level 5 in Dodging
  5876 | D:7      | Got the Collected Works on Fetching Transmutation
  6300 | D:7      | Reached skill level 10 in Unarmed Combat
  6427 | D:8      | Noticed Pikel
  6495 | D:8      | Noticed a two-headed ogre
  6506 | D:7      | HP: 4/83 [something] (4)]
  6629 | D:7      | Killed Pikel
  6661 | D:8      | Reached skill level 11 in Unarmed Combat
  6661 | D:8      | Reached XP level 10. HP: 79/94 MP: 12/12
  6676 | D:8      | Found a staircase to the Lair.
  6681 | D:8      | Reached **** piety under Makhleb
  6699 | D:8      | HP: 4/94 [two-headed ogre (10)]
  6927 | D:7      | Killed a two-headed ogre
  6928 | D:7      | Reached skill level 5 in Invocations
  7021 | D:8      | Identified the +1 spear "Foreepn" {venom, rC- Str+5}
  7103 | D:8      | Noticed an eight-headed hydra
  7255 | D:8      | Noticed Maggie
  7264 | D:8      | Noticed a manticore
  7269 | D:8      | Reached skill level 5 in Fighting
  7272 | D:8      | Killed Maggie
  7280 | D:8      | Demolished by a manticore

Illustrated notes

Levels and vault maps discovered:
D:1:      dpeg_arrival_houses_and_road, layout_basic, serial_shops,
          nicolae_shop_crystal, serial_bayou_pond_c
D:2:      layout_basic
D:3:      layout_loops_corners
D:4:      layout_basic, elyvilon_altar_4, minmay_temple_entry_antechambers,
          minmay_crossroads
D:5:      layout_gridville, serial_shops, shop, grunt_decor_resistance
D:6:      layout_gridville, hangedman_decor_lopped
D:7:      layout_cave_pods
D:8:      layout_rooms, due_lair_maze_entry_diamond, st_stairs_10,
          serial_park_tiny_pond, minmay_diamond_spiral, uniq_maggie, uniq_pikel
Temple:   grunt_wide_crystal_templ

Skill      XL: |  1  2  3  4  5  6  7  8  9 10 |
---------------+-------------------------------+-----
Dodging        | 3 4 5 6 |  6.4
Unarmed Combat | 4 5 6 7 9 11 | 11.7
Fighting       | 3 4 5 |  5.0
Invocations    | 1 3 4 5 |  5.0
Stealth        | |  1.0

Action                   |  1- 3 |  4- 6 |  7- 9 | 10-12 || total
-------------------------+-------+-------+-------+-------++-------
Melee: Unarmed           |    81 |   148 |   236 |    64 ||   529
       Punch             |     1 |     3 |     7 |     8 ||    19
  Use: Scroll            |       |     2 |       |       ||     2
       Potion            |       |       |       |     1 ||     1
 Stab: Sleeping          |     3 |     5 |     1 |       ||     9
       Distracted        |       |     1 |       |       ||     1
Armor: Robe              |    28 |    44 |    66 |    29 ||   167
Dodge: Dodged            |    55 |    66 |   130 |    65 ||   316
